 Dungeon Crawl Stone Soup version 0.29.1-1-gd02db6906a (webtiles) character file.

Game seed: 8247836030399387702

644 Earthwalker the Shield-Bearer (level 7, 0/62 HPs)
             Began as a Minotaur Fighter on Oct 22, 2022.
             Killed by divine providence
             ... invoked by an orc priest
              (15 damage)
             ... on level 4 of the Dungeon.
             The game lasted 00:04:40 (3753 turns).

Earthwalker the Shield-Bearer (Minotaur Fighter)    Turns: 3753, Time: 00:04:41

Health: 0/62       AC:  7    Str: 22    XL:     7   Next: 27%
Magic:  6/6        EV:  9    Int:  5    God:
Gold:   246        SH: 14    Dex: 10    Spells: 6/6 levels left

rFire   + . .      SeeInvis .   a - +0 war axe
rCold   . . .      Faith    .   s - +0 kite shield
rNeg    . . .      Spirit   .   b - +0 scale mail
rPois   .          Reflect  +   (helmet restricted)
rElec   .          Harm     .   (no cloak)
rCorr   .          Rampage  .   (no gloves)
Will    .....                   (no boots)
Stlth   ..........              p - amulet of reflection
HPRegen 0.20/turn               m - ring of protection from fire
MPRegen 0.10/turn               (no ring)

@: no status effects
A: horns 2, retaliatory headbutt
a: no special abilities


You were on level 4 of the Dungeon.
You visited 1 branch of the dungeon, and saw 4 of its levels.

You collected 246 gold pieces.

Inventory:

Hand Weapons
 a - a +0 war axe (weapon)
Missiles
 h - 12 poisoned darts (quivered)
Armour
 b - a +0 scale mail (worn)
 c - a +0 buckler
 s - a +0 kite shield (worn)
Jewellery
 m - a ring of protection from fire (left hand)
 p - an amulet of reflection (around neck)
Wands
 u - a wand of flame (19)
 w - a wand of digging (5)
Scrolls
 e - a scroll of silence {unknown}
 f - 2 scrolls of teleportation {unknown}
 g - 4 scrolls of identify {unknown}
 j - a scroll of enchant armour {unknown}
 k - a scroll of vulnerability {unknown}
 q - 2 scrolls of magic mapping {unknown}
 t - a scroll of enchant weapon {unknown}
 x - 2 scrolls of blinking {unknown}
Potions
 d - 2 potions of might
 i - 2 potions of lignification {unknown}
 l - a potion of curing {unknown}
 n - 2 potions of invisibility {unknown}
 o - a potion of cancellation {unknown}
 r - a potion of brilliance {unknown}
 v - 2 potions of haste {unknown}


   Skills:
 * Level 5.7 Fighting
 * Level 5.1 Axes
 * Level 5.6 Armour
 + Level 2.5 Dodging
 * Level 5.7 Shields


You had 6 spell levels left.
You didn't know any spells.
Your spell library contained the following spells:

 Spells                   Type           Power      Damage    Failure   Level
 Sandblast                Erth           0%         2d4       98%         1
 Passwall                 Tmut/Erth      0%         N/A       99%         2
 Stone Arrow              Conj/Erth      0%         3d7       100%        3


Dungeon Overview and Level Annotations

Branches:
Dungeon (4/15)
 Temple: D:4-7

Altars:


Innate Abilities, Weirdness & Mutations

You have a pair of horns on your head.
You reflexively headbutt those who attack you in melee.


Message History

The puff of flame hits you. You resist.
You miss something. Your headbutt misses something. Something hits you.
A gnoll comes into view. It is wielding a +0 club.
You barely miss something. You block something's attack.
A gnoll comes into view. It is wielding a +0 whip.
Something hits you but does no damage.
You completely miss something. Something hits you.
You hit something. Something hits you but does no damage.
The orc priest invokes the aid of Beogh against you.
Beogh smites you!
You hit something.
Reactivating autopickup.
You feel a bit more experienced. The orc hits you but does no damage.
You closely miss the orc. The orc closely misses you. You furiously retaliate!
You headbutt the orc!
You kill the orc!
You closely miss the hobgoblin. You headbutt the hobgoblin.
You kill the hobgoblin!
You block the gnoll's attack.
The gnoll hits you from afar with a +0 spear.
A gnoll comes into view. It is wielding a +0 spear.
You block the gnoll's attack.
Items here: ( ))) [ †.
You hit the gnoll but do no damage.
The orc priest looks encouraged for a moment.
The gnoll hits you but does no damage.
You slash the gnoll!
The gnoll is almost dead.
You block the gnoll's attack.
You slash the gnoll!
You kill the gnoll!
The orc priest calls down the wrath of Beogh upon you.
Pain shoots through your body! The gnoll hits you but does no damage.
The orc priest invokes the aid of Beogh against you.
Beogh smites you!
* * * LOW HITPOINT WARNING * * *
You closely miss the gnoll. You block the gnoll's attack.
The orc priest mumbles some strange prayers to Beogh against you.
Beogh smites you!
You die... #... .... #..# #..# #.g# go#

#g# #@# #.#########
#.).......#
#..######.#
#####..######.######
....................#
#..#.....#####.####.#
. ##...## #.# #.#
##... >.# #.#


You could see an orc priest and 3 gnolls.

Vanquished Creatures
  Grinder (D:3)
  Sigmund (D:2)
  An orc wizard (D:4)
  Terence (D:2)
  An iguana (D:4)
  Natasha (thrice) (D:2)
  A gnoll (D:4)
  3 adders
  2 ufetubi
  A worm (D:3)
  2 dart slugs (D:1)
  10 orcs
  5 endoplasms
  3 giant cockroaches
  6 goblins
  7 hobgoblins
  3 jackals (D:1)
  7 kobolds
  3 quokkas
  9 ball pythons
  10 bats
  2 frilled lizards
  6 rats
88 creatures vanquished.

Vanquished Creatures (others)
  6 fungi (D:3)
6 creatures vanquished.

Grand Total: 94 creatures vanquished

Notes
Turn   | Place    | Note
-------+----------+-------------------------------------------
     0 | D:1      | Earthwalker the Minotaur Fighter began the quest for the
                  | Orb.
     0 | D:1      | Reached XP level 1. HP: 19/19 MP: 0/0
   219 | D:1      | Reached XP level 2. HP: 23/27 MP: 1/1
   653 | D:1      | Reached XP level 3. HP: 33/33 MP: 2/2
  1356 | D:2      | Noticed Sigmund
  1363 | D:2      | Killed Sigmund
  1364 | D:2      | Reached skill level 1 in Dodging
  1364 | D:2      | Reached XP level 4. HP: 32/41 MP: 3/3
  1364 | D:2      | Reached XP level 5. HP: 36/47 MP: 4/4
  1509 | D:2      | Noticed Natasha
  1514 | D:2      | Killed Natasha
  1681 | D:2      | Noticed Terence
  1688 | D:2      | Killed Terence
  1986 | D:2      | Noticed Natasha
  1989 | D:2      | Killed Natasha
  1990 | D:2      | Reached skill level 5 in Shields
  1990 | D:2      | Reached XP level 6. HP: 55/55 MP: 5/5
  2172 | D:2      | Reached skill level 5 in Fighting
  2237 | D:2      | Noticed Natasha
  2248 | D:2      | Killed Natasha
  2249 | D:2      | Reached skill level 5 in Armour
  2679 | D:3      | Noticed Grinder
  2679 | D:3      | Paralysed by Grinder for 2 turns
  2700 | D:3      | Killed Grinder
  2701 | D:3      | Reached XP level 7. HP: 52/61 MP: 6/6
  3547 | D:4      | Reached skill level 5 in Axes
  3753 | D:4      | Killed from afar by an orc priest

Illustrated notes

Levels and vault maps discovered:
D:1:      wheals_arrival_linesprint, layout_basic, minmay_tromino_v4_b
D:2:      layout_loops_corners, chequers_serial_rivers_small_b, minivault_11,
          bh_walls_and_bars, uniq_natasha, uniq_sigmund, uniq_terence
D:3:      minmay_chambers_of_twos, layout_loops_cross, grunt_ministairs_4,
          dreamdust_mushroom_princess, uniq_grinder
D:4:      layout_loops_corners, mainiacjoe_overflow_brackets,
          uniq_crazy_yiuf_cottage

Skill      XL: |  1  2  3  4  5  6  7 |
---------------+----------------------+-----
Axes           | 3 4 5 |  5.1
Armour         | 4 5 |  5.6
Fighting       | 4 5 |  5.7
Shields        | 4 5 |  5.7
Dodging        | 1 2 |  2.5

Action                   |  1- 3 |  4- 6 |  7- 9 || total
-------------------------+-------+-------+-------++-------
Melee: War axe           |    64 |    59 |    75 ||   198
       Headbutt          |     8 |    14 |    10 ||    32
Armor: Scale mail        |    31 |    15 |    20 ||    66
Dodge: Dodged            |    35 |    21 |    22 ||    78
Block: Buckler           |    18 |    13 |       ||    31
       Kite shield       |       |    13 |    59 ||    72
       Reflection        |       |       |     2 ||     2
